 Dungeon Crawl Stone Soup version 0.22-a0-271-gc000056 (webtiles) character file.

807 grindst0ne the Skirmisher (level 7, 0/40 HPs)
             Began as a Vine Stalker Fighter on Mar 10, 2018.
             Was a Believer of Uskayaw.
             Slain by a scorpion (1 damage)
             ... on level 5 of the Dungeon.
             The game lasted 00:09:18 (3804 turns).

grindst0ne the Skirmisher (Vine Stalker Fighter)    Turns: 3804, Time: 00:09:19

Health: 0/40       AC: 12    Str: 19    XL:     7   Next: 92%
Magic:  0/9        EV:  3    Int:  9    God:    Uskayaw [**....]
Gold:   127        SH: 10    Dex: 14    Spells: 6/6 levels left

rFire    . . .     SeeInvis .   y - +0 short sword (vamp)
rCold    . . .     Gourm    .   c - +0 shield
rNeg     . . .     Faith    .   x - +0 plate armour
rPois    .         Spirit   +   (no helmet)
rElec    .         Reflect  .   (no cloak)
rCorr    .         Harm     .   (no gloves)
MR       .....                  q - +0 pair of boots
Stlth    ..........             (no amulet)
HPRegen  0.53/turn              t - ring of wizardry
MPRegen  0.11/turn              g - ring of stealth

@: no status effects
A: fangs 2, regeneration 1, magic shield, antimagic bite, no potion heal 3, rot
immunity
a: Stomp, Line Pass, Renounce Religion


You were on level 5 of the Dungeon.
You worshipped Uskayaw.
Uskayaw was noncommittal.
You were not hungry.

You visited 2 branches of the dungeon, and saw 6 of its levels.

You collected 127 gold pieces.

Inventory:

Hand Weapons
 a - a +0 rapier
 y - a +0 vampiric short sword (weapon)
Armour
 b - a +0 chain mail
 c - a +0 shield (worn)
 q - a +0 pair of boots (worn)
 x - a +0 plate armour (worn)
Jewellery
 g - a ring of stealth (right hand)
 t - a ring of wizardry (left hand)
Wands
 w - a wand of disintegration (10)
Scrolls
 h - a scroll of fog {unknown}
 j - a scroll of fear {unknown}
 l - a scroll of immolation {unknown}
 m - a scroll of remove curse {unknown}
 n - a scroll of magic mapping {unknown}
 o - 2 scrolls of identify {unknown}
 p - 4 scrolls of teleportation
Potions
 d - 3 potions of curing
 e - 2 potions of invisibility {unknown}
 i - a potion of agility {unknown}
 k - a potion of ambrosia {unknown}
 r - a potion of cancellation {unknown}
 s - 2 potions of heal wounds {unknown}
 u - a potion of flight {unknown}
Comestibles
 f - 3 rations
 v - 2 chunks of flesh


   Skills:
 + Level 6.0 Fighting
 - Level 1.7 Short Blades
 - Level 2.4 Armour
 + Level 5.7 Shields
 + Level 2.4 Invocations


You had 6 spell levels left.
You didn't know any spells.

Dungeon Overview and Level Annotations

Branches:
Dungeon (5/15)             Temple (1/1) D:4

Altars:
Ashenzari
Cheibriados
Dithmenos
Elyvilon
Fedhas
Gozag
Kikubaaqudgha
Makhleb
Okawaru
Qazlal
Ru
Sif Muna
Trog
Uskayaw
Vehumet
Wu Jian
Xom
Yredelemnul
Zin
The Shining One

Annotations:
D:5 Menkaure, Prince Ribbit


Innate Abilities, Weirdness & Mutations

You have extremely sharp teeth.
Your natural rate of healing is unusually fast.
When hurt, damage is shared between your health and your magic reserves.
Your bite disrupts and absorbs the magic of your enemies.
Potions cannot restore your health.
You are immune to rotting.


Message History

You feel invigorated.
Menkaure is moderately damaged.
You block the centaur's attack.
Menkaure hums drily.
Menkaure hits you but does no damage. You block the centaur's attack.
You hit the centaur but do no damage. You bite the centaur.
You drain its power.
You feel invigorated.
The centaur is moderately wounded.
You block the scorpion's attack. The centaur hits you.
* * * LOW HITPOINT WARNING * * *
Menkaure falters for a moment.
You block the scorpion's attack.
You can now pass through a line of other dancers.
You puncture the centaur!
The centaur is heavily wounded.
You block the centaur's attack. The centaur hits you.
* * * LOW HITPOINT WARNING * * *
Menkaure hits you!
* * * LOW HITPOINT WARNING * * *
The scorpion stings you.
You die...

########
#...c@.#
#....Ms#
+......+
#......#
#......#
#......#
#......#
#......#


You could see Menkaure, a centaur and a scorpion.

Vanquished Creatures
  Duvessa (D:4)
  A phantom (D:2)
  The ghost of HEYYEYAAE the Caller, an amateur DgSu (D:3)
  An ogre (D:3)
  Dowan (D:4)
  An orc wizard (D:3)
  A centaur skeleton (D:4)
  An orc priest (D:3)
  3 worker ants (D:4)
  2 iguanas (D:4)
  A hound zombie (D:3)
  6 adders
  An ooze (D:3)
  An adder skeleton (D:5)
  5 worms
  2 dart slugs (D:1)
  5 leopard geckos
  4 orcs
  A ball python (D:2)
  7 bats
  9 giant cockroaches
  9 hobgoblins
  5 jackals
  2 quokkas (D:4)
  7 frilled lizards
  8 goblins
  9 kobolds
  A quokka skeleton (D:4)
  8 rats
104 creatures vanquished.

Vanquished Creatures (others)
  A fungus (D:5)
1 creature vanquished.

Grand Total: 105 creatures vanquished

Notes
Turn   | Place    | Note
-------+----------+-------------------------------------------
     0 | D:1      | grindst0ne the Vine Stalker Fighter began the quest for the Orb.
     0 | D:1      | Reached XP level 1. HP: 11/11 MP: 2/2
     3 | D:1      | Noticed an electric eel
     3 | D:1      | Noticed an electric eel
    63 | D:1      | Reached skill level 3 in Fighting
    85 | D:1      | Reached XP level 2. HP: 16/16 MP: 3/3
   307 | D:1      | Reached XP level 3. HP: 9/20 MP: 2/4
   847 | D:2      | Gained mutation: Your natural rate of healing is unusually fast. [Vine Stalker growth]
   847 | D:2      | Reached XP level 4. HP: 22/25 MP: 5/5
   919 | D:2      | Noticed a phantom
   939 | D:2      | Reached skill level 4 in Fighting
  1005 | D:2      | Killed a phantom
  1005 | D:2      | Reached XP level 5. HP: 30/30 MP: 6/6
  1441 | D:2      | Found a shadowy altar of Dithmenos.
  1622 | D:3      | Noticed an ogre
  1623 | D:3      | Found an opulent altar of Gozag.
  1662 | D:3      | Killed an ogre
  1662 | D:3      | Reached XP level 6. HP: 24/35 MP: 7/7
  1706 | D:3      | Found a stormy altar of Qazlal.
  1771 | D:3      | Reached skill level 5 in Fighting
  1840 | D:3      | Noticed HEYYEYAAE's ghost (amateur DgSu)
  1920 | D:3      | Killed HEYYEYAAE's ghost
  2106 | D:3      | Reached skill level 5 in Shields
  2117 | D:3      | Reached XP level 7. HP: 32/39 MP: 8/8
  2431 | D:4      | Found a staircase to the Ecumenical Temple.
  2468 | Temple   | Entered the Ecumenical Temple
  2690 | Temple   | Became a worshipper of Uskayaw the Reveler
  2742 | D:4      | Reached * piety under Uskayaw
  2900 | D:4      | Reached ** piety under Uskayaw
  2914 | D:4      | Reached *** piety under Uskayaw
  3018 | D:4      | Found a deep blue altar of Sif Muna.
  3025 | D:4      | Found a snail-covered altar of Cheibriados.
  3089 | D:4      | Reached skill level 1 in Invocations
  3390 | D:4      | Noticed Duvessa
  3390 | D:4      | Noticed Dowan
  3416 | D:4      | Killed Duvessa
  3438 | D:4      | Killed Dowan
  3438 | D:4      | Reached skill level 6 in Fighting
  3735 | D:5      | Entered Level 5 of the Dungeon
  3772 | D:5      | Noticed Prince Ribbit
  3800 | D:5      | Noticed Menkaure
  3804 | D:5      | HP: 1/40 [Menkaure (4)]
  3804 | D:5      | Slain by a scorpion

Vault maps used:
D:1:      arrival_aquarium_b, minmay_cupped
D:2:      lemuel_doored_altar, minmay_nonomino_d4
D:3:      grunt_temple_overflow_open
D:4:      amethyst_overflow_temple_binary, temple_pool_b, first_ration,
          hangedman_feature_mirror, uniq_duvessa
D:5:      nemelex_altar_shiori, grunt_gozag_breadcrumbs, uniq_pikel,
          uniq_menkaure, uniq_crazy_yiuf_cottage, uniq_prince_ribbit1
Temple:   regret_index_temple_generic_petals

Skill      XL: |  1  2  3  4  5  6  7 |
---------------+----------------------+-----
Fighting       | 3 4 5 6 |  6.0
Shields        | 3 4 5 |  5.7
Invocations    | 2 |  2.4
Short Blades   | |  1.7
Armour         | |  2.4

Action                   |  1- 3 |  4- 6 |  7- 9 || total
-------------------------+-------+-------+-------++-------
Melee: Rapier            |   107 |   171 |    87 ||   365
       Bite              |    21 |    47 |    41 ||   109
       Short sword       |       |       |    47 ||    47
Evoke: Wand              |       |       |     5 ||     5
  Use: Potion            |       |     1 |     1 ||     2
       Scroll            |       |       |     2 ||     2
 Stab: Paralysed         |       |       |     1 ||     1
  Eat: Chunk             |       |     4 |     5 ||     9
       Ration            |       |       |     2 ||     2
Armor: Scale mail        |    49 |    79 |    12 ||   140
       Plate armour      |       |       |    51 ||    51
Dodge: Dodged            |    49 |    69 |    33 ||   151
Block: Shield            |    59 |   122 |    71 ||   252

Table legend:
 A = Spawn XP
 B = Non-spawn XP
 C = Spawn XP percentage of total XP
 D = Spawn monster count
 E = Non-spawn monster count
 F = Spawn count percentage of total count
 G = Total turns spent on level
                    A         B        C        D         E        F      G
               +---------+---------+-------+---------+---------+-------+---------
         Total |       0 |    1153 |   0.0 |       0 |     104 |   0.0 |  3804
               +---------+---------+-------+---------+---------+-------+---------
           D:1 |       0 |      61 |   0.0 |       0 |      35 |   0.0 |   730
           D:2 |       0 |     199 |   0.0 |       0 |      24 |   0.0 |   736
           D:3 |       0 |     380 |   0.0 |       0 |      23 |   0.0 |   931
           D:4 |       0 |     495 |   0.0 |       0 |      20 |   0.0 |  1087
           D:5 |       0 |      18 |   0.0 |       0 |       2 |   0.0 |    69
               +---------+---------+-------+---------+---------+-------+---------
